Map: 死亡光环-天梯版

Players

ByuN - Winner!

  • Race: Terran Terran
  • League: Master

石上真男人

  • Race: Zerg Zerg
  • League: Diamond

VOD

Have the link to the VOD?

Description

Time

  • Played on: June 27, 2021, 10:26 a.m.
  • Length: 7:41
Show
View Real Time Build Order
Export as new Build Order

ByuN Terran - Winner!

Build Orders: Reaper Expand 

Get SALT Encoding   

  12  0:00  SCV  
  13  0:12  SCV  
  14  0:16  Supply Depot  
  14  0:24  SCV  
  15  0:38  SCV  
  15  0:39  Barracks  
  16  0:44  Refinery  
  16  0:50  SCV  
  17  1:02  SCV  
  18  1:14  SCV  
  19  1:27  Orbital Command, Reaper  
  20  1:39  Command Center  
  20  1:50  Barracks  
  20  1:53  SCV  
  21  2:00  Barracks Reactor  
  21  2:05  Supply Depot  
  21  2:06  SCV  
  22  2:13  Refinery  
  22  2:18  SCV  
  23  2:24  Factory  
  23  2:30  SCV  
  24  2:38  Marine x2  
  24  2:39  Barracks Tech Lab  
  24  2:43  SCV  
  27  2:51  Orbital Command  
  27  2:55  SCV  
  27  2:56  Marine x2  
  30  3:01  Stimpack  
  30  3:04  Marine  
  31  3:07  SCV  
  32  3:17  Starport  
  32  3:19  SCV  
  33  3:20  SCV  
  33  3:22  Factory Reactor  
  33  3:25  Marine  
  33  3:26  Marine  
  36  3:29  Marine  
  36  3:33  SCV  
  36  3:34  SCV  
  39  3:38  Supply Depot  
  39  3:42  Marine  
  39  3:44  Marine  
  39  3:45  SCV  
  39  3:46  SCV, Marine  
  44  3:52  Supply Depot  
  44  3:58  SCV x2  
  44  4:00  Marine  
  44  4:02  Marine  
  48  4:04  Marine  
  48  4:05  Medivac x2  
  53  4:10  SCV  
  53  4:13  SCV  
  55  4:18  Marine  
  55  4:19  Engineering Bay  
  55  4:20  Marine  
  55  4:22  Marine  
  55  4:24  SCV  
  59  4:26  SCV  
  59  4:29  Factory Tech Lab  
  60  4:32  Barracks  
  60  4:36  Refinery, SCV  
  60  4:38  SCV  
  62  4:47  Supply Depot, Barracks  
  62  4:52  Starport Reactor  
  62  4:53  Barracks  
  62  4:55  Terran Infantry Weapons Level 1  
  62  4:59  Combat Shield  
  62  5:01  Supply Depot  
  62  5:09  Siege Tank, SCV x2, Marine x3  
  62  5:12  Supply Depot  
  67  5:23  Barracks Reactor  
  67  5:28  Marine x3  
  62  5:42  Marine  
  62  5:43  Barracks Reactor, Marine  
  62  5:46  Marine x2  
  62  5:47  Marauder  
  62  5:49  Supply Depot x2  
  68  5:50  Refinery, SCV x2  
  68  5:52  Medivac x2  
  74  6:00  Marine x2  
  74  6:03  Marine  
  74  6:04  Marine  
  78  6:06  Marine x2  
  78  6:08  Marauder  
  82  6:11  Siege Tank  
  82  6:18  Marine x2  
  84  6:21  Marine x2  
  84  6:23  Marine  
  84  6:24  Marine x2  
  84  6:25  Supply Depot, Marine  
  92  6:26  Supply Depot  
  92  6:29  Marine  
  92  6:31  Medivac  
  95  6:33  Medivac  
  95  6:36  Marine x2  
  95  6:39  Supply Depot, Marine x2  
  101  6:42  Supply Depot x2  
  101  6:44  Marine  
  102  6:49  Marine x2  
  104  6:55  Siege Tank  
  104  7:00  Marine x2  
  109  7:06  Marine  
  109  7:07  Marine  
  110  7:13  Marine x2  
Show
View Real Time Build Order
Export as new Build Order

石上真男人 Zerg 

Build Orders: Hatch First 

Get SALT Encoding   

  12  0:00  Drone  
  13  0:12  Overlord  
  13  0:17  Drone  
  14  0:30  Drone x2  
  16  0:49  Hatchery  
  15  0:53  Drone  
  15  0:56  Drone  
  17  0:59  Drone  
  18  1:10  Extractor  
  17  1:14  Spawning Pool  
  17  1:17  Drone  
  17  1:20  Drone  
  18  1:28  Drone  
  19  1:38  Drone  
  20  1:49  Overlord  
  20  2:08  Queen  
  20  2:09  Queen, Zergling x2  
  20  2:10  Zergling x2  
  26  2:16  Hatchery  
  25  2:26  Metabolic Boost  
  23  2:52  Drone  
  23  2:53  Drone x3  
  23  2:55  Queen, Drone x2  
  31  3:04  Queen  
  33  3:07  Drone x2  
  35  3:19  Overlord  
  35  3:39  Roach Warren  
  35  3:40  Drone x2, Extractor  
  35  3:41  Drone x2, Extractor  
  37  3:42  Overlord x2  
  37  3:44  Queen  
  38  3:53  Drone x4  
  42  4:10  Overlord  
  42  4:11  Overlord  
  42  4:21  Roach x2  
  42  4:22  Roach x4  
  54  4:25  Roach  
  54  4:28  Roach  
  58  4:52  Ravager x2  
  61  4:53  Ravager  
  61  4:54  Zergling x20  
  61  4:55  Zergling x2  
  72  5:01  Drone  
  62  5:21  Roach x4  
  59  5:43  Roach x3  
  59  5:49  Overlord x3  
  65  5:54  Drone  
  65  5:55  Overlord  
  65  5:56  Overlord  
  66  5:59  Overlord  
  66  6:06  Queen  
  66  6:08  Roach x3  
  72  6:16  Roach  
  72  6:17  Roach x2  
  78  6:28  Queen  
  78  6:30  Overlord x2  
  78  6:31  Zergling x2  
  81  6:35  Roach  
  81  6:36  Ravager  
  81  6:38  Ravager  
  81  6:39  Zergling x4  
  87  6:50  Ravager x3  
  87  6:52  Zergling x6  
  87  6:53  Zergling x6  
  93  7:05  Zergling x6  
  93  7:06  Zergling x6  
Tags
 
Add a new tag
Caveats
  • Supply blocks, unpowered buildings, or Contaminate may cause inaccurate times.
  • Supply counts are checked every 10 seconds.